 Dungeon Crawl Stone Soup version 0.31.0-2-g5a2aebc5c2 (webtiles) character file.

Game seed: 9979386495270825979

9668 BigPumpCobain the Grappler (level 11, -8/160 HPs)
             Began as a Troll Shapeshifter on Jan 20, 2024.
             Was a Priest of Trog.
             Succumbed to Sonja's poison
             ... on level 10 of the Dungeon.
             The game lasted 00:09:30 (8450 turns).

BigPumpCobain the Grappler (Troll Shapeshifter)     Turns: 8450, Time: 00:09:30

Health: -8/160     AC:  4    Str: 28    XL:     11   Next: 26%
Magic:  10/10      EV: 10    Int:  6    God:    Trog [***...]
Gold:   1010       SH:  0    Dex:  9    Spells: 10/10 levels left

rFire   . .          .
                       - Unarmed
rCold   . . .        (no shield)
rNeg    . . .        a - +0 animal skin
rPois   .            (helmet currently unavailable)
rElec   .            (cloak currently unavailable)
rCorr   +            (gloves unavailable)
SInv    .            (boots unavailable)
Will    ++...        H - amulet of regeneration Stlth
                     y - +4 ring of slaying
HPRegen 3.06/turn    t - ring of resist corrosion
MPRegen 0.12/turn

%: no passive effects
@: berserking, lethally poisoned (-8 -> -49), beast-form, strong-willed,
regenerating, very quick
A: beast (slay +4), large, unfitting armour, claws 3, regeneration 1, shaggy fur
1, tough skin 1
a: Begin Untransformation, Renounce Religion, Berserk, Trog's Hand


You were on level 10 of the Dungeon.
You worshipped Trog.
Trog was most pleased with you.
You were a hulking beast.
You visited 2 branches of the dungeon, and saw 11 of its levels.

You collected 1010 gold pieces.

Inventory:

Missiles
 b - 2 large rocks
 D - 6 boomerangs (quivered)
Armour
 a - a +0 animal skin (worn)
 h - a +0 cloak
Jewellery
 t - a ring of resist corrosion (right claw)
 y - a +4 ring of slaying (left claw)
 z - a ring of magical power
 H - an amulet of regeneration (around neck)
Talismans
 c - a beast talisman
 d - a flux talisman
 N - a blade talisman
 P - a storm talisman
Wands
 q - a wand of mindburst (16)
 w - a wand of quicksilver (14)
 C - a wand of digging (1)
 J - a wand of flame (37)
 K - a wand of charming (13)
 L - a wand of roots (10)
Scrolls
 f - 2 scrolls of revelation {unknown}
 i - 2 scrolls of fog {unknown}
 j - 9 scrolls of identify {unknown}
 m - 3 scrolls of enchant armour {unknown}
 o - a scroll of enchant weapon {unknown}
 p - a scroll of silence {unknown}
 r - a scroll of vulnerability {unknown}
 v - 4 scrolls of teleportation {unknown}
 x - a scroll of brand weapon {unknown}
 E - 3 scrolls of poison {unknown}
 M - a scroll of butterflies {unknown}
 O - a scroll of fear {unknown}
Potions
 e - a potion of mutation {unknown}
 g - 2 potions of haste {unknown}
 k - a potion of brilliance {unknown}
 l - a potion of resistance {unknown}
 n - a potion of invisibility {unknown}
 s - 2 potions of curing {unknown}
 u - 3 potions of cancellation {unknown}
 A - 2 potions of magic {unknown}
 B - a potion of ambrosia {unknown}
 F - a potion of degeneration {unknown}
 G - a potion of heal wounds {unknown}
 I - a potion of berserk rage {unknown}
 Q - a potion of attraction {unknown}


   Skills:
 + Level 6.7 Fighting
 + Level 6.6 Throwing
 - Level 2.1 Dodging
 * Level 11.8 Unarmed Combat
 + Level 8.0 Shapeshifting


You had 10 spell levels left.
You didn't know any spells.
Your spell library contained the following spells:

 Spells                   Type           Power      Damage    Failure   Level
 Jinxbite                 Hex            0%         N/A       58%         2
 Dazzling Flash           Conj/Hex       0%         N/A       83%         3
 Mephitic Cloud           Conj/Alch/Air  0%         N/A       83%         3
 Tukima's Dance           Hex            0%         N/A       83%         3
 Passage of Golubria      Tloc           0%         N/A       99%         4
 Curse of Agony           Necr           0%         N/A       100%        5
 Silence                  Hex/Air        0%         N/A       100%        5
 Yara's Violent Unravell  Hex/Alch       0%         3d3       100%        5
 Enfeeble                 Hex            0%         N/A       100%        7


Dungeon Overview and Level Annotations

Branches:
Dungeon (10/15)            Temple (1/1) D:4            Lair (0/5) D:8
    Orc: D:9-12

Altars:
Ashenzari
Cheibriados
Dithmenos
Elyvilon
Fedhas
Gozag
Hepliaklqana
Kikubaaqudgha
Makhleb
Nemelex Xobeh
Okawaru
Qazlal
Ru
Sif Muna
Trog
Uskayaw
Vehumet
Wu Jian
Xom
Yredelemnul
Zin
The Shining One

Shops:
D:6 (

Annotations:
D:10 Sonja


Innate Abilities, Weirdness & Mutations

You are a hulking beast.
Your limbs bulge with bestial killing power. (Slay +4)
You are too large for most types of armour.
You have claws for hands.
Your natural rate of healing is unusually fast.
You are covered in fur. (AC +1)
You have tough skin. (AC +1)


Message History

You are too injured to fight recklessly!
You are too injured to fight recklessly!
You are too injured to fight recklessly!
You are too injured to fight recklessly!
You are too injured to fight recklessly!
You are too injured to fight recklessly!
You are too injured to fight recklessly!
You are too injured to fight recklessly!
You are too injured to fight recklessly!
You are too injured to fight recklessly!
You are too injured to fight recklessly!
You are too injured to fight recklessly!
You are too injured to fight recklessly!
You are too injured to fight recklessly!
You are too injured to fight recklessly!
Your skin crawls.
You feel strong-willed.
* * * LOW HITPOINT WARNING * * *
You feel extremely sick. Sonja misses you.
Sonja hits you with a +1 short sword of venom.
* * * LOW HITPOINT WARNING * * *
You are more poisoned.
Sonja closely misses you.
A red film seems to cover your vision as you go berserk!
You feel yourself moving faster!
You feel mighty!
* * * LOW HITPOINT WARNING * * *
You feel extremely sick. Sonja completely misses you.
Sonja hits you but does no damage.
You are more poisoned.
Sonja hits you with a +1 short sword of venom.
* * * LOW HITPOINT WARNING * * *
You are more poisoned.
Sonja casts a spell.
Sonja blinks!
You feel a strong urge to attack something.
* * * LOW HITPOINT WARNING * * *
You feel extremely sick.
There is a lethal amount of poison in your body!
You die...

########### #.........#
#.........# #......K..#
#.........# # #.........# #
#.........######## #
#......h..#......#
##########.........#......#
#...<....'.........#......#
'........#.........'......#
##.......#.........#......#
##.......#.........########
.#.......#...............#
##.......######'###......#
##.......##...)...#......#


You could see Sonja.

Vanquished Creatures
  2 two-headed ogres
  An elephant (D:8)
  A gargoyle (D:10)
  A kobold demonologist (D:9)
  Grinder (D:3)
  2 wyverns
  20 yaks
  A steam dragon (D:6)
  A basilisk (D:8)
  An acid dragon (D:10)
  4 orc warriors
  4 black bears
  4 ogres
  2 phantoms
  3 centaurs
  3 kobold brigands
  9 bullfrogs
  3 scorpions (D:6)
  8 wights
  5 killer bees (D:8)
  3 hounds
  5 jellies
  A bombardier beetle (D:4)
  3 orc priests
  3 sleepcaps (D:6)
  Jessica (D:2)
  3 iguanas
  2 orc wizards (D:6)
  Natasha (twice) (D:2)
  4 gnolls
  10 adders
  A shadow imp (D:6)
  2 white imps
  4 dart slugs
  2 ribbon worms
  24 orcs
  8 ball pythons
  4 bats
  2 endoplasms
  3 giant cockroaches
  8 goblins
  4 hobgoblins
  19 kobolds
  2 quokkas
  3 frilled lizards (D:1)
  5 rats
204 creatures vanquished.

Notes
Turn   | Place    | Note
-------+----------+-------------------------------------------
     0 | D:1      | BigPumpCobain the Troll Shapeshifter began the quest for
                  | the Orb.
     0 | D:1      | Reached XP level 1. HP: 18/18 MP: 0/0
   271 | D:1      | Reached skill level 1 in Fighting
   280 | D:1      | Found a faded altar of an unknown god.
   288 | D:1      | Reached XP level 2. HP: 27/27 MP: 1/1
  1061 | D:2      | Reached XP level 3. HP: 33/33 MP: 2/2
  1107 | D:2      | Noticed Jessica
  1112 | D:2      | Killed Jessica
  1248 | D:2      | Noticed Natasha
  1255 | D:2      | Reached XP level 4. HP: 35/41 MP: 3/3
  1255 | D:2      | Killed Natasha
  1256 | D:2      | Reached skill level 4 in Unarmed Combat
  1509 | D:2      | Noticed Natasha
  1517 | D:2      | Killed Natasha
  1769 | D:3      | Reached XP level 5. HP: 49/49 MP: 4/4
  1928 | D:3      | Noticed Grinder
  1932 | D:3      | Paralysed by Grinder for 4 turns
  1945 | D:3      | Killed Grinder
  1946 | D:3      | Reached skill level 5 in Unarmed Combat
  1946 | D:3      | Reached XP level 6. HP: 59/59 MP: 5/5
  2917 | D:4      | Reached skill level 1 in Throwing
  2920 | D:4      | Reached XP level 7. HP: 60/66 MP: 6/6
  2955 | D:4      | Reached skill level 6 in Unarmed Combat
  3198 | D:4      | Found a staircase to the Ecumenical Temple.
  3357 | Temple   | Entered the Ecumenical Temple
  3362 | Temple   | Became a worshipper of Trog the Wrathful
  3387 | D:5      | Entered Level 5 of the Dungeon
  3845 | D:5      | Found a glowing silver altar of Zin.
  3876 | D:5      | Found an opulent altar of Gozag.
  4177 | D:6      | Reached skill level 5 in Shapeshifting
  4177 | D:6      | Reached XP level 8. HP: 75/75 MP: 7/7
  4287 | D:6      | Reached skill level 7 in Unarmed Combat
  4485 | D:6      | Found Utiteg's Weapon Shop.
  4886 | D:6      | Reached * piety under Trog
  4911 | D:6      | Reached skill level 8 in Unarmed Combat
  5036 | D:6      | Reached XP level 9. HP: 82/85 MP: 8/8
  5675 | D:7      | Reached skill level 9 in Unarmed Combat
  5752 | D:7      | Reached skill level 5 in Fighting
  6111 | D:8      | Noticed a two-headed ogre
  6115 | D:8      | Killed a two-headed ogre
  6265 | D:8      | Reached skill level 5 in Throwing
  6389 | D:8      | Found a shimmering altar of Xom.
  6391 | D:8      | Reached XP level 10. HP: 96/96 MP: 9/9
  6565 | D:8      | Noticed an elephant
  6579 | D:8      | Reached skill level 10 in Unarmed Combat
  6593 | D:8      | Found a staircase to the Lair.
  6608 | D:8      | Killed an elephant
  6608 | D:8      | Reached ** piety under Trog
  7352 | D:9      | Reached skill level 11 in Unarmed Combat
  7527 | D:9      | Found an ornate altar of the Wu Jian Council.
  7611 | D:9      | Reached XP level 11. HP: 101/107 MP: 10/10
  8115 | D:10     | Entered Level 10 of the Dungeon
  8345 | D:10     | Reached *** piety under Trog
  8395 | D:10     | Noticed a two-headed ogre
  8402 | D:10     | Killed a two-headed ogre
  8441 | D:10     | Noticed Sonja
  8449 | D:10     | HP: 2/160 [poisoned by Sonja]
  8450 | D:10     | Succumbed to Sonja's poison

Illustrated notes

Levels and vault maps discovered:
D:1:      lightli_arrival_quake, layout_loops_corners,
          dreamdust_ecumenical_altar_grove, dk_noncrumbling_2
D:2:      layout_loops_ring, uniq_natasha, uniq_jessica
D:3:      layout_basic, nicolae_half_adder, uniq_grinder
D:4:      layout_basic, minmay_temple_entry_enclosed_plants
D:5:      layout_basic, pdpol_temple_overflow_zin_treasury_gozag_greed
D:6:      minmay_polygon_palace, layout_basic, serial_bayou,
          serial_bayou_pond_c, serial_bayou_pond_e, serial_bayou_pond_a,
          serial_bayou_shore_a, serial_shops, kennysheep_mini_moat,
          grunt_ministairs_12
D:7:      layout_gridville, minivault_23
D:8:      layout_basic, nicolae_overflow_hidden_temple, david_lair_generic
D:9:      layout_stronghold, kennysheep_mini, minivault_24, chequers_avenue,
          dreamdust_princess_bridge
D:10:     layout_gridville, serial_library_regret_index_double_sided,
          minmay_unpleasant_kobolds, uniq_sonja
Temple:   dpeg_three_leaves_temple

Skill      XL: |  1  2  3  4  5  6  7  8  9 10 11 |
---------------+----------------------------------+-----
Fighting       | 1 2 3 4 5 6 |  6.7
Dodging        | 2 |  2.1
Unarmed Combat | 4 5 6 8 9 11 | 11.8
Shapeshifting  | 4 5 6 7 8 |  8.0
Throwing       | 1 2 3 5 6 |  6.6

Action                     |  1- 3 |  4- 6 |  7- 9 | 10-12 || total
---------------------------+-------+-------+-------+-------++-------
  Melee: Unarmed           |    59 |    96 |   150 |   121 ||   426
         Punch             |     2 |     1 |     4 |     4 ||    11
  Throw: Large rock        |       |     7 |    50 |    21 ||    78
         Boomerang         |       |       |     6 |    23 ||    29
 Invoke: Berserk           |       |       |       |     4 ||     4
         Trog's Hand       |       |       |       |     1 ||     1
    Use: Potion            |       |     1 |     2 |       ||     3
 Armour: Animal skin       |    33 |    44 |   106 |   109 ||   292
         Skin              |       |     6 |    46 |       ||    52
  Dodge: Dodged            |    23 |    36 |    80 |    56 ||   195
